 Seeded DCSS version 0.28-a0-863-g8cecda6153 (webtiles) character file.

Game seed: 20211120 (custom seed)

333 a11behringer the Cudgeller (level 6, -12/51 HPs)
             Began as a Palentonga Berserker on Nov 20, 2021.
             Was a Believer of Trog.
             Mangled by an ogre (29 damage)
             ... on level 4 of the Dungeon.
             The game lasted 00:11:53 (3068 turns).

a11behringer the Cudgeller (Palentonga Berserker)   Turns: 3068, Time: 00:11:53

Health: -12/51     AC: 10    Str: 22    XL:     6   Next: 27%
Magic:  6/6        EV:  4    Int:  8    God:    Trog [**....]
Gold:   44         SH:  0    Dex:  9    Spells: 5/5 levels left

rFire   . . .      SeeInvis +   q - +5 morningstar (vamp)
rCold   . . .      Faith    .   (no shield)
rNeg    . . .      Spirit   .   c - +0 plate armour
rPois   .          Reflect  .   (no helmet)
rElec   .          Harm     .   (no cloak)
rCorr   .          Rampage  .   h - +0 pair of gloves
Will    .....                   (no barding)
Stlth   ..........              (no amulet)
HPRegen 0.17/turn               (no ring)
MPRegen 0.10/turn               (no ring)

@: no status effects
A: large, rugged brown scales 3, see invisible, deformed body, roll 1, armoured
tail
a: Rolling Charge, Renounce Religion, Berserk, Trog's Hand


You were on level 4 of the Dungeon.
You worshipped Trog.
Trog was pleased with you.
You visited 1 branch of the dungeon, and saw 4 of its levels.

You collected 198 gold pieces.
You spent 154 gold pieces at shops.

Inventory:

Hand Weapons
 a - a +0 mace
 q - a +5 vampiric morningstar (weapon)
Missiles
 i - a throwing net
Armour
 b - a +0 animal skin
 c - a +0 plate armour (worn)
 h - a +0 pair of gloves (worn)
 k - a scarf of invisibility
Jewellery
 o - a ring of magical power
Scrolls
 n - 4 scrolls of teleportation
Potions
 d - a potion of attraction {unknown}
 f - a potion of curing {unknown}
 g - a potion of invisibility {unknown}
 j - 4 potions of flight {unknown}
 l - a potion of brilliance {unknown}
 m - a potion of heal wounds {unknown}
 p - a potion of lignification {unknown}


   Skills:
 + Level 3.9 Fighting
 * Level 5.9 Maces & Flails
 + Level 2.8 Armour
 - Level 1.6 Dodging


You had 5 spell levels left.
You didn't know any spells.
Your spell library was empty.

Dungeon Overview and Level Annotations

Branches:
Dungeon (4/15)             Temple (0/1) D:4

Altars:

Shops:
D:4 (


Innate Abilities, Weirdness & Mutations

You are completely covered in rugged brown scales. (AC +3, +7% HP)
You have supernaturally acute eyesight. (SInv)
Armour fits poorly on your strangely shaped body.
You can roll at nearby foes to attack.
You have a long armoured tail.


Message History

Your experience leads to an increase in your attributes!
Increase (S)trength, (I)ntelligence, or (D)exterity?
You feel stronger.
Calm down first, please.
A goblin comes into view. It is wielding a +0 club.
The goblin shouts!
You see here a necrophage corpse.
You feel a strong urge to attack something.
Found a stone staircase leading up.
You are no longer berserk.
You are exhausted.
You feel yourself slow down.
Found 21 gold pieces.
The goblin hits you but does no damage.
You impale the goblin!!
You kill the goblin!
Trog accepts your kill.
You feel the effects of Trog's Hand fading.
You see here a +0 club.
Your skin stops crawling.
You feel less strong-willed.
You now have 36 gold pieces (gained 13).
You feel yourself speed up.
You now have 44 gold pieces (gained 8).
You recover from your berserk rage.
You see here a +0 club.
An ogre comes into view. It is wielding a +0 giant club.
The ogre moves out of view.
You barely miss the ogre. The ogre hits you with a +0 giant club!
You closely miss the ogre. The ogre hits you with a +0 giant club!
You impale the ogre!! You tail-slap the ogre!
The ogre is almost dead.
The ogre barely misses you.
You barely miss the ogre.
The ogre is almost dead.
The ogre hits you with a +0 giant club!
* * * LOW HITPOINT WARNING * * *
You hit the ogre.
You feel better.
The ogre is almost dead.
The ogre hits you with a +0 giant club!!
Ouch! That really hurt!
You die...

#.....#................#..
#....##.................#.
...###...###...######+++#
...# #.⌠.# #...#
...###...###...#
....)..........#
....⌠..>..⌠.##.######+++
............#...........
...###...#####..@.......
#..# #.⌠.# ##...O......
...###...###...........#
............##........##
.##.........#.........#
..........##..........#
....................#...
...).#.............##...
..(.......#.......


You could see an ogre.

Vanquished Creatures
  A necrophage (D:4)
  A scorpion (D:4)
  An orc priest (D:4)
  7 adders
  An adder skeleton (D:4)
  A dart slug (D:3)
  5 orcs
  8 bats
  6 endoplasms
  2 giant cockroaches
  6 hobgoblins
  4 jackals (D:1)
  15 kobolds
  5 quokkas
  9 ball pythons
  7 goblins
  5 rats
84 creatures vanquished.

Vanquished Creatures (others)
  2 plants (D:3)
2 creatures vanquished.

Grand Total: 86 creatures vanquished

Notes
Turn   | Place    | Note
-------+----------+-------------------------------------------
     0 | D:1      | a11behringer the Palentonga Berserker began the quest for
                  | the Orb.
     0 | D:1      | Reached XP level 1. HP: 19/19 MP: 1/1
   283 | D:1      | Reached XP level 2. HP: 24/25 MP: 2/2
   822 | D:2      | Reached XP level 3. HP: 28/31 MP: 3/3
  1192 | D:2      | Reached ** piety under Trog
  1428 | D:2      | Reached skill level 4 in Maces & Flails
  1536 | D:2      | Found a faded altar of an unknown god.
  1871 | D:3      | Reached XP level 4. HP: 34/37 MP: 4/4
  2596 | D:4      | Found Icoasizy's Antique Weapon Emporium.
  2662 | D:4      | Found a staircase to the Ecumenical Temple.
  2699 | D:4      | Reached XP level 5. HP: 43/43 MP: 5/5
  2704 | D:4      | Reached skill level 5 in Maces & Flails
  2778 | D:4      | Bought a runed morningstar for 154 gold pieces
  2967 | D:4      | Noticed a necrophage
  2975 | D:4      | Killed a necrophage
  2976 | D:4      | Reached XP level 6. HP: 51/51 MP: 6/6
  3068 | D:4      | Mangled by an ogre

Illustrated notes

Levels and vault maps discovered:
D:1:      wheals_arrival_shading, layout_rooms
D:2:      minmay_kobold_bridge, layout_rooms,
          dilly_ecumenical_altar_fadedgnrine, amcnicky_mini_pool_small,
          chequers_serial_rivers_small_b
D:3:      layout_rooms, serial_bayou_pond_b
D:4:      layout_cave_pools, mainiacjoe_overflow_big_doors,
          minmay_temple_entry_junction, serial_shops, nicolae_shop_trees

Skill      XL: |  1  2  3  4  5 |
---------------+----------------+-----
Maces & Flails | 4 5 |  5.9
Armour         | 2 |  2.8
Fighting       | |  3.9
Dodging        | |  1.6

Action                   |  1- 3 |  4- 6 || total
-------------------------+-------+-------++-------
Melee: Mace              |   151 |    88 ||   239
       Tailslap          |    11 |    10 ||    21
       Morningstar       |       |    16 ||    16
Invok: Berserk           |     1 |     4 ||     5
       Trog's Hand       |       |     2 ||     2
 Abil: Rolling Charge    |       |     1 ||     1
  Use: Scroll            |       |     5 ||     5
Armor: Plate armour      |   148 |    83 ||   231
       Animal skin       |     3 |       ||     3
Dodge: Dodged            |    40 |    26 ||    66

Table legend: (Time is in decaauts)
 A = Elapsed time spent in this place.
 B = Non-inter-level travel time spent in this place.
 C = Inter-level travel time spent in this place.
 D = Time resting spent in this place.
 E = Time spent auto-exploring this place.
 F = Levels seen in this place.
 G = Mean time per level.
                   A        B        C        D        E       F      G
               +--------+--------+--------+--------+--------+-----+--------+
         Total |   3159 |   2777 |    382 |      0 |   2128 |   4 |  789.8 |
       Dungeon |   3159 |   2777 |    382 |      0 |   2128 |   4 |  789.8 |
               +--------+--------+--------+--------+--------+-----+--------+

Top non-repeatable levels by time:
     D:3: 939 daAuts
     D:2: 902 daAuts
     D:1: 816 daAuts
     D:4: 500 daAuts
